 Dungeon Crawl Stone Soup version 0.17.0-28-g6e173f8 (webtiles) character file.

86 dohliylev the Sneak (level 4, 0/33 HPs)
             Began as a Vampire Assassin on Dec 1, 2015.
             Slain by a goblin
             ... wielding a +0 dagger
             ... led by Robin
              (5 damage)
             ... on level 2 of the Dungeon.
             The game lasted 00:03:42 (1100 turns).

dohliylev the Sneak (Vampire Assassin)              Turns: 1100, Time: 00:03:42

Health: 0/33       AC:  4    Str: 10    XL:     4   Next: 27%
Magic:  4/4        EV: 12    Int: 13    God:
Gold:   100        SH:  0    Dex: 16    Spells: 0 memorised, 3 levels left

rFire  . . .     SeeInvis +     a - +2 dagger
rCold  . . .     Clarity  .     c - +0 robe
rNeg   . . .     SustAt   .     (no shield)
rPois  .         Gourm    .     m - +0 helmet
rElec  .         Spirit   .     n - +0 cloak
rCorr  .         Warding  .     (no gloves)
rMut   .         Stasis   .     (no boots)
MR     .....                    (no amulet)
Stlth  ++++......               (no ring)
                                (no ring)

@: regenerating quickly, not resistant to hostile enchantments, stealthy
A: fangs 3, see invisible, unbreathing
a: no special abilities


You were on level 2 of the Dungeon.
You were full.

You visited 1 branch of the dungeon, and saw 2 of its levels.

You collected 100 gold pieces.

Inventory:

Hand Weapons
 a - a +2 dagger (weapon)
 b - a +0 blowgun
Missiles
 e - 5 poisoned needles
 f - 2 curare-tipped needles
Armour
 c - a +0 robe (worn)
 m - a +0 helmet (worn)
 n - a +0 cloak (worn)
 v - a cursed +0 helmet
Jewellery
 t - a cursed ring of loudness {unknown}
Scrolls
 o - 2 scrolls of identify {unknown}
 p - 3 scrolls of fear {unknown}
 q - 3 scrolls of teleportation {unknown}
 r - a scroll of fog {unknown}
Potions
 d - 2 potions of cancellation {unknown}
 g - 3 potions of blood
 h - a potion of invisibility {unknown}
 i - a potion of mutation {unknown}
 j - a potion of lignification {unknown}
 k - 4 potions of brilliance {unknown}
 l - a potion of magic {unknown}
 s - a potion of heal wounds {unknown}
 u - a potion of cure mutation {unknown}


   Skills:
 + Level 2.1 Fighting
 + Level 2.7 Short Blades
 + Level 1.6 Throwing
 + Level 1.8 Dodging
 + Level 7.8 Stealth


You had 3 spell levels left.
You didn't know any spells.

Dungeon Overview and Level Annotations

Branches:
Dungeon (2/15)

Altars:


Innate Abilities, Weirdness & Mutations

Your natural rate of healing is unusually fast.
You have razor-sharp teeth.
You have supernaturally acute eyesight.
You can survive without breathing.


Message History

The goblin closely misses you. x2
The goblin hits you.
You completely miss the goblin.
The goblin is heavily wounded.
The goblin closely misses you. The goblin hits you with a dagger.
* * * LOW HITPOINT WARNING * * *
You hit the goblin.
You kill the goblin!
The goblin barely misses you.
You closely miss the goblin. The goblin hits you but does no damage.
The goblin closely misses you.
You closely miss the goblin. The goblin hits you with a dagger.
* * * LOW HITPOINT WARNING * * *
You completely miss the goblin. The goblin hits you but does no damage.
The goblin hits you with a dagger.
* * * LOW HITPOINT WARNING * * *
You hit the goblin.
The goblin is heavily wounded.
The goblin hits you with a dagger.
You die...

...#..#.##.##.).......###.###.#.#
......#.........).....# #......#.
...#..####.##.........###.##.....
w..#..####.#######..g#...####....
...#.......# #...##### #....
#######.#### #...# #.##. ## #.#
#...# #.##. .# #.# ###...###
#.##. .# #.# #@gg....# #.###
>######.# #g##..).# #....
.....>..# ###.#####.# #####
.######## #......##)# .#
#.#.##.##.######## .#
########.#.......##.....# ##
#........####.......###.#
#.#####..# #....#### #.#
#.#####..# #.#### #.#


You could see 3 goblins.

Vanquished Creatures
  Ijyb (D:2)
  Robin (D:2)
  An adder (D:2)
  An ooze (D:1)
  2 adder zombies (D:1)
  A worm (D:2)
  5 bats
  8 goblins (D:2)
  A hobgoblin (D:2)
  A ball python (D:1)
  2 giant cockroaches (D:2)
  A giant newt (D:2)
  2 kobolds (D:2)
  2 rats (D:1)
29 creatures vanquished.

Notes
Turn   | Place    | Note
--------------------------------------------------------------
     0 | D:1      | dohliylev the Vampire Assassin began the quest for the Orb.
     0 | D:1      | Reached XP level 1. HP: 16/16 MP: 1/1
    31 | D:1      | Reached skill level 6 in Stealth
    75 | D:1      | Reached XP level 2. HP: 20/22 MP: 2/2
   267 | D:1      | Reached skill level 7 in Stealth
   275 | D:1      | You fall through a shaft!
   372 | D:2      | Reached XP level 3. HP: 9/27 MP: 3/3
   931 | D:2      | Noticed Ijyb
   987 | D:2      | Killed Ijyb
   987 | D:2      | Reached XP level 4. HP: 12/33 MP: 4/4
  1007 | D:2      | Noticed Robin
  1063 | D:2      | Killed Robin
  1100 | D:2      | Slain by a goblin

Action                   |  1- 3 |  4- 6 || total
-------------------------+-------+-------++-------
Melee: Dagger            |    95 |    27 ||   122
 Fire: Blowgun           |       |     3 ||     3
 Stab: Sleeping          |    10 |     1 ||    11
  Eat: Corpse            |     4 |     2 ||     6
